 Dungeon Crawl Stone Soup version 0.28.0-53-g5a82cb258f (webtiles) character file.

Game seed: 6937738268185929513

23 Doot the Skirmisher (level 3, 0/30 HPs)
             Began as a Djinni Abyssal Knight on July 3, 2022.
             Was a Follower of Lugonu.
             Constricted to death by a ball python (1 damage)
             ... on level 1 of the Dungeon.
             The game lasted 00:02:57 (802 turns).

Doot the Skirmisher (Djinni Abyssal Knight)          Turns: 802, Time: 00:02:58

Health: 0/30       AC:  3    Str: 12    XL:     3   Next: 12%
Gold:   25         EV:  9    Int: 13    God:    Lugonu [*.....] SH:  0 Dex: 13

rFire   + + .      SeeInvis .   a - +1 falchion
rCold   x . .      Faith    .   (no shield)
rNeg    . . .      Spirit   .   b - +0 leather armour
rPois   ∞          Reflect  .   (no helmet)
rElec   .          Harm     .   (no cloak)
rCorr   .          Rampage  .   (no gloves)
Will    .....                   (boots unavailable)
Stlth   +.........              (no amulet)
HPRegen 0.10/turn               (no ring)
MPRegen 0.00/turn               (no ring)

@: flying, constricted
A: sickness immunity, fire resistance 2, cold vulnerability 1, float, innate
caster, HP casting, extra vitality 1
a: Renounce Religion, Depart the Abyss


You were on level 1 of the Dungeon.
You worshipped Lugonu.
Lugonu was aware of your devotion.
You visited 1 branch of the dungeon, and saw 1 of its levels.
You visited the Abyss 1 time.

You collected 25 gold pieces.

Inventory:

Hand Weapons
 a - a +1 falchion (weapon)
Armour
 b - a +0 leather armour (worn)


   Skills:
 + Level 3.4 Fighting
 + Level 2.3 Long Blades
 + Level 1.2 Armour
 + Level 2.3 Dodging
 + Level 1.8 Invocations


You had one spell level left.
You knew the following spells:

 Your Spells              Type           Power      Damage    Failure   Level
a - Foxfire               Conj/Fire      0%         2x1d4     36%         1
Your spell library was empty.

Dungeon Overview and Level Annotations

Branches:
Dungeon (1/15)

Altars:


Innate Abilities, Weirdness & Mutations

You are immune to sickness and miasma.
You are immune to poison.
Your flesh is very heat resistant. (rF++)
You are vulnerable to cold. (rC-)
You float through the air rather than walking.
You learn spells naturally, not from books.
Your magical power is your life essence.
You have superior vitality. (+4 MHP)


Message History

The ball python constricts you. The gnoll closely misses you.
You escape the ball python's grasp.
The hobgoblin closely misses you.
Your magical contamination has completely faded away.
Things that are here:
a +0 dagger; a goblin skeleton The ball python bites you but does no damage.
The ball python grabs you. The ball python constricts you.
You escape the ball python's grasp.
The ball python barely misses you. The ball python misses you.
The ball python misses you. The ball python grabs you.
The ball python constricts you.
* * * LOW HITPOINT WARNING * * *
The ball python's grasp on you weakens, but your attempt to escape fails.
The ball python bites you but does no damage.
The ball python constricts you.
* * * LOW HITPOINT WARNING * * *
You escape the ball python's grasp.
The hobgoblin enters a dispersal trap!
The ball python blinks!
The gnoll blinks!
The ball python blinks! x2; You blink.
The hobgoblin blinks!
Casting: Foxfire (safe; 36% risk of failure)
Confirm with . or Enter, or press ? or * to list all spells.
You don't have enough health to cast this spell.
Unknown command.
Casting: Foxfire (safe; 36% risk of failure)
Confirm with . or Enter, or press ? or * to list all spells.
You miscast Foxfire.
You are very lightly contaminated with residual magic.
Nothing appears to happen.
* * * LOW HITPOINT WARNING * * *
The ball python closely misses you. The ball python misses you.
You see here a +0 spear.
Your magical contamination has completely faded away.
The ball python bites you.
* * * LOW HITPOINT WARNING * * *
The ball python grabs you. The ball python constricts you.
You escape the ball python's grasp.
The ball python closely misses you. The ball python grabs you.
The ball python constricts you.
You die...

#.........#........#...
######.######...#####...
+...........'.#.#####...
######.########.........
#.#....)..######...
#.#.........)...... #
###......g#####....
....##.........#####.###
.......@S..............#
#################......#
#......# ########


You could see a gnoll and a ball python.

Vanquished Creatures
  A dart slug (D:1)
  A ball python (D:1)
  A giant cockroach (D:1)
  2 goblins (D:1)
  5 hobgoblins (D:1)
  3 jackals (D:1)
  2 kobolds (D:1)
  A quokka (D:1)
  A bat (D:1)
  A rat (D:1)
18 creatures vanquished.

Vanquished Creatures (others)
  10 foxfires (D:1)
  A plant (D:1)
11 creatures vanquished.

Grand Total: 29 creatures vanquished

Notes
Turn   | Place    | Note
-------+----------+-------------------------------------------
     0 | Abyss:1  | Doot the Djinni Abyssal Knight began the quest for the Orb.
     0 | Abyss:1  | Reached XP level 1. HP: 20/20 MP: 0/0
    46 | D:1      | Escaped the Abyss
   260 | D:1      | Reached XP level 2. HP: 17/25 MP: 0/0
   552 | D:1      | Found a faded altar of an unknown god.
   694 | D:1      | Reached XP level 3. HP: 30/30 MP: 0/0
   694 | D:1      | Learned a level 1 spell: Foxfire
   752 | D:1      | HP: 1/30 [goblin/+0 dagger (2)]
   758 | D:1      | HP: 1/30 [ball python (1)]
   777 | D:1      | HP: 1/30 [constriction (1)]
   796 | D:1      | HP: 1/30 [ball python (1)]
   802 | D:1      | Constricted to death by a ball python

Illustrated notes

Levels and vault maps discovered:
D:1:      shiori_shiawase, layout_rooms, dreamdust_ecumenical_altar_grove,
          corexii_item_surrounded_by_moat, minmay_tripent

Skill      XL: |  1  2 |
---------------+-------+-----
Long Blades    | 2 |  2.3
Fighting       | |  3.4
Armour         | |  1.2
Dodging        | |  2.3
Invocations    | |  1.8

Action                   || total
-------------------------++-------
Melee: Falchion          ||    61
 Cast: Foxfire           ||     7
Armor: Leather armour    ||    17
Dodge: Dodged            ||    57
